 Dungeon Crawl Stone Soup version 0.28.0-43-g3370ac3207 (webtiles) character file.

Game seed: 3624251962942154453

336 RascalDebosk the Gusty (level 6, -1/32 HPs)
             Began as a Tengu Air Elementalist on Mar 20, 2022.
             Succumbed to a scorpion's poison
             ... on level 4 of the Dungeon.
             The game lasted 00:45:58 (4277 turns).

RascalDebosk the Gusty (Tengu Air Elementalist)     Turns: 4277, Time: 00:45:58

Health: -1/32      AC:  2    Str:  8    XL:     6   Next: 54%
Magic:  11/11      EV: 15    Int: 17    God:
Gold:   108        SH:  0    Dex: 15    Spells: 1/11 levels left

rFire   . . .      SeeInvis .   o - +3 dagger (speed)
rCold   . . .      Faith    +   (no shield)
rNeg    . . .      Spirit   .   a - +0 robe
rPois   .          Reflect  .   (helmet restricted)
rElec   .          Harm     .   (no cloak)
rCorr   .          Rampage  .   (no gloves)
Will    .....                   (boots unavailable)
Stlth   ++........              g - amulet of faith
HPRegen 0.10/turn               (no ring)
MPRegen 0.12/turn               (no ring)

@: lethally poisoned (-1 -> -10), flying quickly and evasively, studying Staves,
quick
A: beak, talons 3, nimble flight
a: no special abilities


You were on level 4 of the Dungeon.
You visited 1 branch of the dungeon, and saw 4 of its levels.

You collected 108 gold pieces.

Inventory:

Hand Weapons
 b - a +0 dagger
 o - a +3 dagger of speed (weapon)
Missiles
 l - 5 poisoned darts
 n - a throwing net
Armour
 a - a +0 robe (worn)
 i - a +0 leather armour
Jewellery
 g - an amulet of faith (around neck)
Scrolls
 d - a scroll of identify {unknown}
 e - a scroll of torment {unknown}
 f - a scroll of enchant weapon {unknown}
Potions
 c - a potion of berserk rage {unknown}
 h - a potion of heal wounds {unknown}
 j - a potion of attraction {unknown}
 k - a potion of cancellation {unknown}
 m - 2 potions of curing {unknown}


   Skills:
 + Level 2.8 Staves
 + Level 3.5 Dodging
 + Level 3.5 Stealth
 + Level 3.1 Spellcasting
 + Level 3.7 Conjurations
 + Level 5.4 Air Magic


You had one spell level left.
You knew the following spells:

 Your Spells              Type           Power      Damage    Failure   Level
a - Shock                 Conj/Air       72%        1d7       2%          1
b - Static Discharge      Conj/Air       18%        N/A       4%          2
c - Swiftness             Air            21%        N/A       5%          3
d - Airstrike             Air            10%        N/A       19%         4

Your spell library contained the following spells:

 Spells                   Type           Power      Damage    Failure   Level
 Sandblast                Erth           4%         2d4       17%         1
 Stone Arrow              Conj/Erth      16%        3d8       24%         3
 Passwall                 Tmut/Erth      1%         N/A       26%         2
 Gell's Gravitas          Tloc           2%         N/A       45%         3
 Lesser Beckoning         Tloc           2%         N/A       45%         3
 Teleport Other           Tloc           2%         N/A       45%         3


Dungeon Overview and Level Annotations

Branches:
Dungeon (4/15)
 Temple: D:4-7

Altars:


Innate Abilities, Weirdness & Mutations

You have a beak for a mouth.
You have claws for feet.
Your magical nature lets you fly swiftly and evasively.


Message History

You are poisoned.
The scorpion poisons you!
You hit the scorpion but do no damage. Your kick misses the scorpion.
The scorpion is severely wounded.
You feel sick.
You hit the scorpion but do no damage. You claw the scorpion.
The scorpion is severely wounded.
You feel sick. The scorpion stings you.
You are lethally poisoned!
The scorpion poisons you!
You hit the scorpion but do no damage.
You claw the scorpion, but do no damage.
You peck the scorpion, but do no damage.
The scorpion is severely wounded.
You feel very sick. The scorpion stings you.
You barely miss the scorpion.
You claw the scorpion, but do no damage.
The scorpion is severely wounded.
* * * LOW HITPOINT WARNING * * *
You feel sick. The scorpion misses you.
You hit the scorpion. Your peck misses the scorpion.
The scorpion is almost dead.
* * * LOW HITPOINT WARNING * * *
You feel very sick.
You hit the scorpion.
You kill the scorpion!
* * * LOW HITPOINT WARNING * * *
You feel sick.
You hit the ball python.
The ball python is severely wounded.
* * * LOW HITPOINT WARNING * * *
You feel sick. The ball python completely misses you.
The ball python misses you.
You hit the ball python.
You kill the ball python!
* * * LOW HITPOINT WARNING * * *
You feel sick.
Found 7 gold pieces.
You die...

.$# ..$ #.# #.#
... #.# #Z# #@#
#.#
#!################
#.......[.........
##################


You could see a bullfrog skeleton.

Vanquished Creatures
  A scorpion (D:4)
  A howler monkey (D:3)
  An orc priest (D:3)
  Natasha (thrice) (D:2)
  4 gnolls (D:3)
  An adder (D:3)
  An ufetubus (D:3)
  A worm (D:2)
  A dart slug (D:2)
  8 orcs (D:3)
  6 bats
  6 endoplasms
  A giant cockroach (D:2)
  6 goblins
  6 hobgoblins
  2 jackals (D:1)
  7 kobolds
  A quokka (D:1)
  7 ball pythons
  5 frilled lizards
  5 rats
74 creatures vanquished.

Notes
Turn   | Place    | Note
-------+----------+-------------------------------------------
     0 | D:1      | RascalDebosk the Tengu Air Elementalist began the quest for
                  | the Orb.
     0 | D:1      | Reached XP level 1. HP: 10/10 MP: 4/4
   298 | D:1      | Reached XP level 2. HP: 13/15 MP: 4/6
   427 | D:1      | Learned a level 2 spell: Static Discharge
  1074 | D:1      | Reached XP level 3. HP: 19/19 MP: 5/7
  1604 | D:2      | Learned a level 3 spell: Swiftness
  1748 | D:2      | Noticed Natasha
  1758 | D:2      | Killed Natasha
  1759 | D:2      | Reached XP level 4. HP: 10/24 MP: 0/8
  2330 | D:2      | Noticed Natasha
  2339 | D:2      | Killed Natasha
  2486 | D:2      | Noticed Natasha
  2538 | D:2      | Killed Natasha
  2539 | D:2      | Reached skill level 1 in Staves
  2539 | D:2      | Gained mutation: Your magical nature lets you fly swiftly
                  | and evasively. [Tengu growth]
  2539 | D:2      | Reached XP level 5. HP: 25/28 MP: 2/9
  3264 | D:3      | Reached skill level 5 in Air Magic
  3500 | D:3      | Reached XP level 6. HP: 10/32 MP: 1/11
  3944 | D:3      | Learned a level 4 spell: Airstrike
  4276 | D:4      | HP: 1/32 [poisoned by a scorpion]
  4277 | D:4      | Succumbed to a scorpion's poison

Illustrated notes

Levels and vault maps discovered:
D:1:      dpeg_arrival_three_bigger_balls, layout_basic
D:2:      layout_loops_ring, serial_glass, glass_columns_a, glass_columns_b,
          due_unseen_surprise, item_on_display_a, feat_on_display, uniq_natasha
D:3:      layout_loops_cross, kennysheep_flooded_box
D:4:      layout_basic

Skill      XL: |  1  2  3  4  5  6 |
---------------+-------------------+-----
Conjurations   | 2 3 |  3.7
Staves         | 1 2 |  2.8
Dodging        | 3 |  3.5
Stealth        | 3 |  3.5
Air Magic      | 5 |  5.4
Spellcasting   | 3 |  3.1

Action                   |  1- 3 |  4- 6 || total
-------------------------+-------+-------++-------
Melee: Unarmed           |     1 |       ||     1
       Dagger            |     8 |    40 ||    48
       Peck              |     1 |     4 ||     5
       Punch             |       |     1 ||     1
       Kick              |       |    12 ||    12
 Cast: Shock             |    55 |    64 ||   119
       Static Discharge  |     2 |     8 ||    10
       Airstrike         |       |     1 ||     1
  Use: Scroll            |     1 |       ||     1
 Stab: Sleeping          |       |     1 ||     1
Armor: Robe              |     6 |     5 ||    11
Dodge: Dodged            |    24 |    39 ||    63
